 Dungeon Crawl Stone Soup version 0.20.1-1-g8b1a95d (webtiles) character file.

545 FollowTheCloud the Sneak (level 7, -2/32 HPs)
             Began as a Spriggan Enchanter on Aug 13, 2017.
             Slain by a troll (17 damage)
             ... on level 5 of the Dungeon.
             The game lasted 00:15:07 (6334 turns).

FollowTheCloud the Sneak (Spriggan Enchanter)       Turns: 6334, Time: 00:15:08

Health: -2/32      AC:  2    Str:  4    XL:     7   Next: 6%
Magic:  2/16       EV: 22    Int: 18    God:
Gold:   171        SH:  0    Dex: 17    Spells: 7/16 levels left

rFire    . . .     SeeInvis +   a - +1 dagger
rCold    . . .     Gourm    .   (shield restricted)
rNeg     . . .     Faith    .   b - +0 robe
rPois    .         Spirit   .   (helmet restricted)
rElec    .         Reflect  .   (no cloak)
rCorr    .         Harm     .   (gloves unavailable)
MR       +....                  (boots unavailable)
Stlth    ++++......             (no amulet)
Regen    0.1/turn               (no ring)
MPRegen  0.2/turn               (no ring)

@: very slightly contaminated, very quick
A: unfitting armour, see invisible, herbivore 3, speed 3, slow metabolism 2
a: no special abilities


You were on level 5 of the Dungeon.
You were not hungry.

You visited 1 branch of the dungeon, and saw 5 of its levels.

You collected 241 gold pieces.
You spent 70 gold pieces at shops.

Inventory:

Hand Weapons
 a - a +1 dagger (weapon)
Armour
 b - a +0 robe (worn)
Jewellery
 p - a cursed amulet of inaccuracy {unknown}
Wands
 m - a wand of enslavement (8/24)
Scrolls
 g - 3 scrolls of recharging {unknown}
 i - a scroll of random uselessness {unknown}
 j - 3 scrolls of teleportation {unknown}
 l - 3 scrolls of fog {unknown}
 o - 3 scrolls of identify {unknown}
 q - a scroll of magic mapping {unknown}
 t - 2 scrolls of amnesia {unknown}
 w - a scroll of blinking {unknown}
Potions
 e - 2 potions of curing {unknown}
 f - 2 potions of haste
 h - a potion of agility {unknown}
 k - 2 potions of flight {unknown}
 n - 2 potions of heal wounds
 s - a potion of invisibility {unknown}
 u - 2 potions of cancellation {unknown}
Books
 c - a book of Maledictions

   Spells                             Type                      Level
   a - Corona                         Hexes                        1
   b - Ensorcelled Hibernation        Hexes/Ice                    2
   c - Confuse                        Hexes                        3
   d - Tukima's Dance                 Hexes                        3
   e - Dazzling Spray                 Conjuration/Hexes            3
 v - a book of Conjurations

   Spells                             Type                      Level
   a - Magic Dart                     Conjuration                  1
   b - Searing Ray                    Conjuration                  2
   c - Dazzling Spray                 Conjuration/Hexes            3
   d - Fulminant Prism                Conjuration/Hexes            4
   e - Force Lance                    Conjuration/Translocation    4
   f - Iskenderun's Mystic Blast      Conjuration                  4
Comestibles
 d - 5 bread rations
 r - a royal jelly


   Skills:
 - Level 1.1 Short Blades
 + Level 6.6 Dodging
 + Level 7.7 Stealth
 + Level 5.3 Spellcasting
 - Level 4.7 Hexes
 + Level 0.1 Ice Magic


You had 7 spell levels left.
You knew the following spells:

 Your Spells              Type           Power        Failure   Level  Hunger
a - Corona                Hex            ###....      1%          1    None
b - Ensorcelled Hibernat  Hex/Ice        ##....       7%          2    #......
c - Confuse               Hex            ###.....     5%          3    ##.....
d - Tukima's Dance        Hex            ###.....     5%          3    ##.....


Dungeon Overview and Level Annotations

Branches:
Dungeon (5/15)
 Temple: D:4-7

Altars:
Qazlal

Shops:
D:4 !


Innate Abilities, Weirdness & Mutations

You are very small and have problems with some larger weapons.
You are too small for most types of armour.
You have supernaturally acute eyesight. (SInv)
You are a herbivore.
You cover ground extremely quickly.
You need consume almost no food.


Message History

Casting: Ensorcelled Hibernation
Confirm with . or Enter, or press ? or * to list all spells.
Aiming: Ensorcelled Hibernation
Press: ? - help, Shift-Dir - straight line, f/p - troll
Aim: a troll (moderately wounded, chance to defeat MR: 44%)
The troll looks drowsy...
The helpless troll fails to defend itself.
You impale the troll!!
The troll is almost dead.
The troll misses you. The troll closely misses you.
The troll barely misses you.
Casting: Ensorcelled Hibernation
Confirm with . or Enter, or press ? or * to list all spells.
You don't have enough magic to cast that spell.
Unknown command.
You hit the troll but do no damage.
The troll is almost dead.
The troll bites you!
Ouch! That really hurt!
You die...

#.##.#.# # #.#..#.#
..#### #.#.##.# ...$.#
#.#.##.# #.##.#
########).....#
..##.###....<..##)####
#...........##.##.#
.....###.##.##.##.#
#....# #.##...oT@.#
...<.# #.#####o####
##.### #.......# ##
#########


You could see a troll and 2 orcs.

Vanquished Creatures
  Sigmund (D:2)
  A howler monkey (D:4)
  2 hounds (D:4)
  2 orc priests
  Crazy Yiuf (D:4)
  Terence (D:3)
  A worker ant (D:4)
  4 adders
  3 gnolls (D:5)
  A shadow imp (D:3)
  2 oozes
  A worm (D:3)
  3 leopard geckos
  5 orcs
  2 giant cockroaches
  6 goblins
  7 hobgoblins
  2 quokkas
  3 ball pythons
  9 bats
  7 frilled lizards
  11 kobolds
  8 rats
83 creatures vanquished.

Vanquished Creatures (collateral kills)
  An orc (D:5)
1 creature vanquished.

Vanquished Creatures (others)
  A dancing weapon (D:5)
1 creature vanquished.

Grand Total: 85 creatures vanquished

Notes
Turn   | Place    | Note
-------+----------+-------------------------------------------
     0 | D:1      | FollowTheCloud the Spriggan Enchanter began the quest for the Orb.
     0 | D:1      | Reached XP level 1. HP: 9/9 MP: 5/5
  1024 | D:1      | Reached XP level 2. HP: 13/13 MP: 6/6
  1409 | D:1      | Learned a level 2 spell: Ensorcelled Hibernation
  2586 | D:2      | Reached XP level 3. HP: 15/16 MP: 3/8
  3451 | D:2      | Noticed Sigmund
  3509 | D:2      | Killed Sigmund
  3509 | D:2      | Reached skill level 5 in Dodging
  3509 | D:2      | Reached skill level 5 in Stealth
  3509 | D:2      | Reached XP level 4. HP: 14/21 MP: 4/11
  3509 | D:2      | Reached XP level 5. HP: 16/24 MP: 4/12
  3571 | D:2      | Learned a level 3 spell: Confuse
  3575 | D:2      | Learned a level 3 spell: Tukima's Dance
  3649 | D:2      | Reached skill level 6 in Stealth
  3908 | D:3      | Noticed Terence
  3911 | D:3      | Killed Terence
  3997 | D:3      | Found a transporter.
  4003 | D:3      | Found a transporter.
  4023 | D:3      | Reached XP level 6. HP: 28/28 MP: 9/13
  4793 | D:4      | Found Baytu's Distillery.
  4808 | D:4      | Bought a potion of heal wounds for 70 gold pieces
  4931 | D:4      | Reached skill level 7 in Stealth
  5031 | D:4      | Reached skill level 5 in Spellcasting
  5386 | D:4      | Found a runed door.
  5525 | D:4      | Noticed Crazy Yiuf
  5529 | D:4      | Killed Crazy Yiuf
  5562 | D:5      | Entered Level 5 of the Dungeon
  5586 | D:5      | Reached XP level 7. HP: 32/32 MP: 15/15
  5634 | D:5      | Noticed a troll
  6292 | D:5      | Found a stormy altar of Qazlal.
  6334 | D:5      | Slain by a troll

Skill      XL: |  1  2  3  4  5  6 |
---------------+-------------------+-----
Spellcasting   | 3 4 5 |  5.3
Dodging        | 5 6 |  6.6
Hexes          | 4 |  4.7
Stealth        | 5 6 7 |  7.7
Short Blades   | |  1.1
Ice Magic      | |  0.1

Action                   |  1- 3 |  4- 6 |  7- 9 || total
-------------------------+-------+-------+-------++-------
Melee: Dagger            |   170 |   124 |    38 ||   332
 Cast: Corona            |     3 |       |       ||     3
       Ensorcelled Hiber |    10 |    26 |    11 ||    47
       Confuse           |       |     3 |     2 ||     5
       Tukima's Dance    |       |       |     3 ||     3
 Stab: Sleeping          |    12 |    23 |     4 ||    39
       Distracted        |     1 |     1 |     1 ||     3
  Eat: Bread ration      |       |     1 |       ||     1
Armor: Robe              |    16 |     6 |       ||    22
Dodge: Dodged            |   165 |   121 |    63 ||   349
